 Dungeon Crawl Stone Soup version 0.29-a0-819-g94b489e0ae (webtiles) character file.

Game seed: 4823793341740543398

137611 zishaf the Lord of Darkness (level 17, -20/142 HPs)
             Began as a Human Necromancer on July 6, 2022.
             Was the Champion of Kikubaaqudgha.
             Demolished by a titan (45 damage)
             ... on level 2 of the Depths.
             The game lasted 01:32:34 (34985 turns).

zishaf the Lord of Darkness (Human Necromancer)    Turns: 34985, Time: 01:32:36

Health: -20/142    AC: 14    Str: 13    XL:     17   Next: 83%
Magic:  23/29      EV: 11    Int: 30    God:    Kikubaaqudgha [******]
Gold:   1019       SH: 17    Dex: 20    Spells: 7/32 levels left

rFire   + + .      SeeInvis +   b - staff of death
rCold   + + .      Faith    .   J - +5 kite shield of Valiance {+Blink Dex+2}
rNeg    + . .      Spirit   .   Q - +0 steam dragon scales
rPois   .          Reflect  .   e - +0 helmet of Duty {Drain rF+ rCorr}
rElec   +          Harm     .   f - +2 cloak of the Thief {*Fog Slay-2 SInv Stlth+}
rCorr   +          Rampage  .   W - +1 pair of gloves {hurl}
Will    +++..                   t - +2 pair of boots
Stlth   ++........              u - amulet of Vitality {RegenMP++ Regen++}
HPRegen 1.93/turn               R - ring of Miracles {rElec rF+ Will+ Str+5}
MPRegen 1.01/turn               S - ring of the Open Hand {rC++ Will+ Int+4 Dex+2 Stlth-}

@: studying Maces & Flails
A: claws 1, hooves 1, agile 1, clever 1
a: Renounce Religion, Evoke Blink, Unearth Wretches, Torment


You were on level 2 of the Depths.
You worshipped Kikubaaqudgha.
Kikubaaqudgha was exalted by your worship.
You visited 5 branches of the dungeon, and saw 26 of its levels.
You visited 1 bazaar.
You also visited: Ossuary, Bailey, Gauntlet and Ice Cave.

You collected 2665 gold pieces.
You spent 1646 gold pieces at shops.

Inventory:

Hand Weapons
 a - the +12 lance "Wyrmbane" {slay drac, rPois rF+ rC+ AC+3}
   (You took it off Maggie on level 9 of the Dungeon)

   It inflicts extra damage against dragons and draconians.
   AC:        It affects your AC (+3).
   rF:        It protects you from fire.
   rC:        It protects you from cold.
   rPois:     It protects you from poison.
Missiles
 c - 7 throwing nets
Armour
 e - the +0 helmet of Duty (worn) {Drain rF+ rCorr}
   (You acquired it on level 4 of the Dungeon)

   rF:        It protects you from fire.
   rCorr:     It protects you from acid and corrosion.
   Drain:     It drains your maximum health when unequipped.
 f - the +2 cloak of the Thief (worn) {*Fog Slay-2 SInv Stlth+}
   (You found it in a Gauntlet)

   It may release a thick cloud of smoke when the wearer is hurt.
   Slay:      It affects your accuracy & damage with ranged weapons and melee
   (-2).
   SInv:      It lets you see invisible.
   Stlth:     It makes you more stealthy.
 t - a +2 pair of boots (worn)
 y - a +1 robe of resistance
 J - the +5 kite shield of Valiance (worn) {+Blink Dex+2}
   (You took it off a minotaur in a Gauntlet)

   Dex:       It affects your dexterity (+2).
   +Blink:    It lets you blink.
 Q - +0 steam dragon scales (worn)
 W - a +1 pair of gloves of hurling (worn)
Magical Staves
 b - a staff of death (weapon)
Jewellery
 q - the amulet "Muun" {Regen+ Int+4 Dex+3}
   (You found it in a Gauntlet)

   [amulet of regeneration]

   Int:       It affects your intelligence (+4).
   Dex:       It affects your dexterity (+3).
   Regen:     It increases your rate of health regeneration.
 u - the amulet of Vitality (around neck) {RegenMP++ Regen++}
   (You found it on level 6 of the Lair of Beasts)

   [amulet of magic regeneration]

   It increases your rate of magic regeneration.
   Regen:     It increases your rate of health regeneration.
 A - the ring of Zin's Hatred {+Blink rF+ MP+9 Str-4 Dex+6}
   (You took it off a minotaur in a Gauntlet)

   [ring of dexterity]

   Str:       It affects your strength (-4).
   Dex:       It affects your dexterity (+6).
   rF:        It protects you from fire.
   MP:        It affects your magic capacity (+9).
   +Blink:    It lets you blink.
 R - the ring of Miracles (left hand) {rElec rF+ Will+ Str+5}
   (You found it on level 11 of the Dungeon)

   [ring of protection from fire]

   Str:       It affects your strength (+5).
   rF:        It protects you from fire.
   rElec:     It insulates you from electricity.
   Will:      It increases your willpower.
 S - the ring of the Open Hand (right hand) {rC++ Will+ Int+4 Dex+2 Stlth-}
   (You bought it in a shop on level 2 of the Orcish Mines)

   [ring of willpower]

   Int:       It affects your intelligence (+4).
   Dex:       It affects your dexterity (+2).
   rC:        It greatly protects you from cold.
   Will:      It increases your willpower.
   Stlth:     It makes you less stealthy.
Wands
 j - a wand of flame (99)
 F - a wand of roots (14)
 H - a wand of digging (12)
 M - a wand of polymorph (4)
 Z - a wand of paralysis (18)
Scrolls
 l - 16 scrolls of teleportation
 m - 2 scrolls of silence
 n - 2 scrolls of fear
 s - 7 scrolls of enchant armour
 v - 2 scrolls of magic mapping
 x - 4 scrolls of blinking
 B - 4 scrolls of amnesia
 D - 3 scrolls of immolation
 G - 2 scrolls of enchant weapon
 K - 2 scrolls of brand weapon
 L - 4 scrolls of fog
 O - 2 scrolls of summoning
 X - 4 scrolls of poison
Potions
 d - 14 potions of curing
 g - 2 potions of flight
 i - 8 potions of heal wounds
 k - 6 potions of berserk rage
 o - 6 potions of resistance
 p - 4 potions of might
 r - 7 potions of brilliance
 w - 7 potions of mutation
 z - 2 potions of lignification
 E - 9 potions of ambrosia
 N - 9 potions of haste
 P - 2 potions of magic
Miscellaneous
 I - a lightning rod (4/4)
 T - a tin of tremorstones (2/2)
 U - a phantom mirror


   Skills:
 + Level 15.3 Fighting
 - Level 4.0 Maces & Flails
 - Level 12.0 Polearms
 - Level 2.0 Dodging
 - Level 2.0 Stealth
 - Level 9.0 Shields
 + Level 8.0 Spellcasting
 + Level 15.8 Necromancy
 + Level 11.6 Earth Magic
 - Level 8.0 Evocations


You had 7 spell levels left.
You knew the following spells:

 Your Spells              Type           Power      Damage    Failure   Level
a - Necrotise             Necr           100%       1d9       0%          1
b - Vampiric Draining     Necr           100%       2d13      1%          3
c - Borgnjor's Vile Clut  Necr/Erth      48%        N/A       1%          5
d - Dispel Undead         Necr           100%       3d31      1%          4
A - Animate Dead          Necr           100%       N/A       1%          4
B - Death Channel         Necr           51%        N/A       2%          6
C - Sublimation of Blood  Necr           100%       N/A       1%          2

Your spell library contained the following spells:

 Spells                   Type           Power      Damage    Failure   Level
 Passwall                 Tmut/Erth      39%        N/A       1%          2
 Agony                    Necr           100%       N/A       1%          5
 Anguish                  Hex/Necr       36%        N/A       4%          4
 Apportation              Tloc           24%        N/A       10%         1
 Magic Dart               Conj           48%        1d5       10%         1
 Sting                    Tmut/Pois      48%        1d5       10%         1
 Summon Small Mammal      Summ           48%        N/A       10%         1
 Corpse Rot               Necr/Pois/Air  60%        N/A       12%         4
 Blink                    Tloc           24%        N/A       16%         2
 Ensorcelled Hibernation  Hex/Ice        24%        N/A       16%         2
 Poisonous Vapours        Pois/Air       24%        N/A       16%         2
 Searing Ray              Conj           24%        2d5       16%         2
 Wereblood                Tmut           12%        N/A       16%         2
 Confusing Touch          Hex            12%        N/A       30%         3
 Ignite Poison            Fire/Tmut/Pois 12%        N/A       30%         3
 Lesser Beckoning         Tloc           12%        N/A       30%         3
 Spider Form              Tmut/Pois      12%        N/A       30%         3
 Swiftness                Air            12%        N/A       30%         3
 Simulacrum               Ice/Necr       36%        N/A       52%         6
 Fulminant Prism          Conj/Hex       6%         3d7       69%         4
 Hailstorm                Conj/Ice       12%        3d5       69%         4
 Ice Form                 Ice/Tmut       12%        N/A       69%         4
 Olgreb's Toxic Radiance  Pois           12%        N/A       69%         4
 Statue Form              Tmut/Erth      31%        N/A       80%         6
 Fireball                 Conj/Fire      6%         3d5       95%         5
 Manifold Assault         Tloc           12%        N/A       95%         5
 Yara's Violent Unravell  Hex/Tmut       6%         3d5       95%         5
 Haunt                    Necr/Summ      36%        N/A       98%         7
 Starburst                Conj/Fire      6%         6d4       100%        6
 Enfeeble                 Hex            6%         N/A       100%        7
 Malign Gateway           Summ/Tloc      6%         N/A       100%        7
 Storm Form               Tmut/Air       6%         N/A       100%        7
 Summon Hydra             Summ           6%         N/A       100%        7
 Borgnjor's Revivificati  Necr           51%        N/A       71%         8
 Infestation              Necr           51%        N/A       71%         8
 Ignition                 Fire           6%         3d4       100%        8
 Necromutation            Tmut/Necr      36%        N/A       100%        8
 Summon Horrible Things   Summ           6%         N/A       100%        8
 Death's Door             Necr           51%        N/A       100%        9


Dungeon Overview and Level Annotations

Branches:
Dungeon (15/15)            Temple (1/1) D:7            Lair (6/6) D:9
 Shoals (0/4) Lair:2       Spider (0/4) Lair:3        Slime (0/5) Lair:5
    Orc (2/2) D:9             Elf (0/3) Orc:2        Vaults (0/5) D:13
 Depths (2/4) D:15        Ossuary (visited)          Bailey (visited)
  IceCv (visited)         Gauntlet (visited)

Altars:
Ashenzari
Dithmenos
Elyvilon
Fedhas
Gozag
Hepliaklqana
Kikubaaqudgha
Makhleb
Qazlal
Sif Muna
Trog
Vehumet
Wu Jian
Yredelemnul
Zin
Jiyva

Shops:
D:7 [*   D:13 :!*(   D:15 !   Orc:2 [?=[*

Annotations:
D:15 2 transporters, Pigot's ghost, journeyman MiBe
Lair:4 3 runed translucent doors, Ilybyalurph's ghost, journeyman OpCj


Innate Abilities, Weirdness & Mutations

You have sharp fingernails.
You have large cloven feet.
You are agile. (Dex +4, Str/Int -1)
Your mind is acute. (Int +4, Str/Dex -1)


Message History

The titan is moderately wounded.
You block the titan's attack.
You hit the titan but do no damage.
The titan is moderately wounded.
The titan waves its arms in wide circles.
The air twists around and strikes you!!!
With a swish of your cloak, you release a cloud of fog.
You hit the titan but do no damage.
The titan is moderately wounded.
You puncture the titan!
The titan is moderately wounded.
The titan waves its arms in wide circles.
The air twists around and strikes you!!
b - a staff of death (weapon)
Casting: Borgnjor's Vile Clutch (mildly dangerous; 1% risk of failure)
Confirm with . or Enter, or press ? or * to list all spells.
Aiming: Vampiric Draining (safe; 1% risk of failure)
Press: ? - help, Shift-Dir - straight line, f/p - titan
Aim: a titan (purple smoke, moderately wounded)
You feel a surge of power!
You draw life force from the titan!
You feel life coursing into your body! The titan hits you!
Unknown command.
Casting: Vampiric Draining (safe; 1% risk of failure)
Confirm with . or Enter, or press ? or * to list all spells.
Aiming: Vampiric Draining (safe; 1% risk of failure)
Press: ? - help, Shift-Dir - straight line, f/p - titan
Aim: a titan (purple smoke, heavily wounded)
You feel a surge of power!
You draw life force from the titan!
You feel life coursing into your body. The titan hits you!!!
* * * LOW HITPOINT WARNING * * *
With a swish of your cloak, you release a cloud of fog.
Casting: Vampiric Draining (safe; 1% risk of failure)
Confirm with . or Enter, or press ? or * to list all spells.
Aiming: Vampiric Draining (safe; 1% risk of failure)
Press: ? - help, Shift-Dir - straight line, f/p - titan
Aim: a titan (purple smoke, heavily wounded)
You feel a surge of power!
You draw life force from the titan!
You feel life coursing into your body! The titan hits you!!!
You die...
Kikubaaqudgha rasps: "You have failed me!
Welcome... death!"

........#....##
........#..?..#
#.......# ....
#......###)###
#...........##
#...[..)...§##
##......§§§§.##.##
#......§§§§§.....
#.....[§§@C§..#.
#..>..†§§§§§.....
#...##.§§§§§....≈
##.####.≈≈.......
### #.≈≈....(≈.
..≈≈.....≈≈
#.......>#..
###..#.###..


You could see a titan.

Vanquished Creatures
  Frances (D:12)
  Kirke (D:15)
  A fire giant (D:15)
  2 frost giants
  An iron dragon (D:14)
  An orc warlord (Bailey)
  2 vampire knights (Depths:1)
  2 stone giants (D:15)
  A very ugly thing (D:15)
  A minotaur (Gauntlet)
  A dire elephant (Gauntlet)
  Azrael (D:15)
  2 fire dragons (D:15)
  A merfolk javelineer (Depths:1)
  The ghost of Jethan the Nimble, a journeyman DjHW of Ashenzari (Lair:1)
  The ghost of Tuin the Fighter, a journeyman MiBe of Trog (Lair:2)
  The ghost of Guvu Tong the Impaler, a journeyman MiBe of Trog (Lair:2)
  7 hydras
  A rakshasa (Depths:1)
  3 boulder beetles
  A spriggan air mage (Depths:1)
  The ghost of Kaluijim the Imperceptible, a journeyman SpEn of Kikubaaqudgha (Lair:2)
  The ghost of frustraionsimulator the Blocker, a novice TrFi of Ru (D:9)
  5 centaur warriors
  A merfolk avatar (Lair:6)
  2 catoblepae
  2 ogre magi
  2 death knights
  9 two-headed ogres
  6 death yaks
  A deep troll earth mage (Depths:2)
  An orc high priest (Orc:1)
  3 tengu warriors
  Sonja (Lair:1)
  A spriggan berserker (D:15)
  2 spriggans (Depths:1)
  6 skeletal warriors
  A sea snake (Lair:6)
  Amaemon (D:9)
  A deep troll (Depths:2)
  A flayed ghost (Depths:1)
  4 phantasmal warriors
  2 orc sorcerers
  Pikel (D:7)
  5 orc knights (Orc:2)
  2 deep elf pyromancers
  3 manticores
  11 ugly things
  A salamander (shapeshifter) (D:14)
  A faun (shapeshifter) (D:14)
  5 cyclopes
  19 elephants
  6 black mambas
  Maurice (D:13)
  3 ice statues (IceCv)
  Maggie (D:9)
  An orange demon (D:9)
  A kobold demonologist (D:9)
  A rime drake (shapeshifter) (D:14)
  16 cane toads
  An unseen horror (D:11)
  3 efreet
  An anaconda simulacrum (IceCv)
  2 freezing wraiths
  7 rime drakes
  2 tengu conjurers
  Psyche (D:9)
  15 komodo dragons
  10 trolls
  2 merfolk (shapeshifter)
  A queen bee (D:9)
  2 merfolk (Lair:2)
  3 polar bears (Lair:6)
  6 hornets
  A wind drake (shapeshifter) (D:14)
  A snapping turtle (Lair:6)
  18 blink frogs
  14 slime creatures
  3 culicivoras (Lair:3)
  6 shadows
  2 centaur simulacra (D:14)
  Sigmund (D:2)
  5 water elementals
  2 dire elephant simulacra (IceCv)
  2 wraiths (D:14)
  22 yaks
  A vampire (D:11)
  10 wyverns
  3 hogs (D:15)
  3 basilisks
  A redback (Lair:3)
  3 fire elementals
  2 death yak simulacra (IceCv)
  2 vampire mosquitoes (D:13)
  Menkaure (D:4)
  An acid dragon (D:10)
  Edmund (D:5)
  3 steam dragons
  8 wargs
  10 water moccasins
  2 large abominations (Gauntlet)
  5 hell hounds (D:15)
  2 ice beasts
  2 sky beasts (D:8)
  2 black bears
  61 orc warriors
  9 ogres
  3 centaurs
  15 wolves
  A lemure (D:7)
  A phantom (D:7)
  5 small abominations (Gauntlet)
  4 kobold brigands
  7 bullfrogs
  2 necrophages
  A scorpion (D:5)
  2 gnoll sergeants
  5 wights (D:8)
  15 killer bees
  6 electric eels
  2 howler monkeys (D:9)
  5 hounds
  4 jellies
  A gnoll bouda (D:7)
  19 orc priests
  Ijyb (D:5)
  4 iguanas
  Natasha (thrice) (D:4)
  30 orc wizards
  A polar bear simulacrum (IceCv)
  A wolf simulacrum (IceCv)
  15 mummies
  Robin (D:3)
  27 gnolls
  5 adders
  A shadow imp (D:7)
  A white imp (D:5)
  An adder zombie (D:3)
  3 worms (D:2)
  112 orcs
  5 endoplasms
  A giant cockroach (D:1)
  31 goblins
  21 hobgoblins
  4 jackals (D:1)
  14 kobolds
  4 quokkas
  3 ball pythons
  10 bats
  3 frilled lizards
  A gnoll skeleton (Ossuary)
  A goblin skeleton (Ossuary)
  4 kobold skeletons (Ossuary)
  A kobold zombie (D:7)
  2 orc skeletons (Ossuary)
  An orc zombie (D:7)
  2 quokka zombies (D:3)
  11 rat skeletons (Ossuary)
853 creatures vanquished.

Vanquished Creatures (collateral kills)
  Gastronok (D:12)
  A fire giant (Depths:2)
  A stone giant (Depths:2)
  3 ice dragons (Depths:2)
  A deep troll shaman (Depths:2)
  2 deep troll earth magi (Depths:2)
  An iron troll (Depths:2)
  4 deep trolls (Depths:2)
  2 ugly things (Depths:2)
  3 cane toads (Lair:1)
  A komodo dragon (Lair:1)
  3 blink frogs (Lair:1)
  2 wolves (Lair:1)
  A bullfrog (Lair:1)
  A hound (D:9)
  Terence (D:3)
  3 orcs (D:11)
  A goblin (Bailey)
  A jackal (D:1)
33 creatures vanquished.

Vanquished Creatures (others)
  A death yak (Lair:1)
  A tengu conjurer (Depths:1)
  A blink frog (Lair:1)
  A cane toad zombie (Lair:1)
  A water moccasin zombie (Lair:1)
  A troll zombie (D:9)
  5 wolf zombies
  A bullfrog zombie (Lair:1)
  2 hound zombies (D:9)
  25 orc zombies
  2 gnoll zombies (Bailey)
  2 hobgoblin zombies (Bailey)
  A butterfly (D:4)
  34 fungi
  52 plants
130 creatures vanquished.

Grand Total: 1016 creatures vanquished

Notes
Turn   | Place    | Note
-------+----------+-------------------------------------------
     0 | D:1      | zishaf the Human Necromancer began the quest for the Orb.
     0 | D:1      | Reached XP level 1. HP: 13/13 MP: 3/3
   156 | D:1      | Reached XP level 2. HP: 10/20 MP: 1/5
   169 | D:1      | Reached skill level 1 in Fighting
   722 | D:1      | Reached XP level 3. HP: 26/26 MP: 2/6
   726 | D:1      | Learned a level 3 spell: Vampiric Draining
  1527 | D:2      | Reached XP level 4. HP: 26/33 MP: 1/7
  1745 | D:2      | Found a faded altar of an unknown god.
  1770 | D:2      | Noticed Sigmund
  2105 | D:3      | You fall into a shaft and drop 1 floor!
  2334 | D:3      | Noticed Terence
  2342 | D:3      | Killed Terence
  2343 | D:3      | Reached skill level 5 in Necromancy
  2902 | D:3      | Reached XP level 5. HP: 19/40 MP: 5/8
  3153 | D:3      | Found a basalt altar of Yredelemnul.
  3154 | D:3      | Noticed Robin
  3727 | D:2      | Killed Sigmund
  3728 | D:2      | Reached XP level 6. HP: 31/48 MP: 5/9
  4074 | D:3      | Found an ornate altar of the Wu Jian Council.
  4107 | D:3      | Found a basalt altar of Yredelemnul.
  4304 | D:3      | Killed Robin
  4418 | D:3      | Found an ornate altar of the Wu Jian Council.
  5114 | D:4      | Noticed Natasha
  5121 | D:4      | Killed Natasha
  5181 | D:4      | Noticed Menkaure
  5191 | D:4      | Killed Menkaure
  5192 | D:4      | Reached XP level 7. HP: 4/55 MP: 10/10
  5545 | D:4      | Identified 2 scrolls of acquirement
  5545 | D:4      | Acquired the +0 helmet of Duty {Drain rF+ rCorr}
  5552 | D:4      | Acquired the ring "Zuerphaeng" {MP+9 Int+4}
  5565 | D:4      | Learned a level 4 spell: Animate Dead
  5723 | D:4      | Reached skill level 5 in Fighting
  5784 | D:4      | Found a white marble altar of Elyvilon.
  6489 | D:4      | Noticed Natasha
  6498 | D:4      | Killed Natasha
  6827 | D:4      | Found a white marble altar of Elyvilon.
  7550 | D:4      | Noticed Natasha
  7555 | D:4      | Killed Natasha
  7556 | D:4      | Reached XP level 8. HP: 61/64 MP: 11/11
  7594 | D:5      | Entered Level 5 of the Dungeon
  7594 | D:5      | Noticed Ijyb
  7603 | D:5      | Killed Ijyb
  8115 | D:5      | Noticed Edmund
  8140 | D:5      | Killed Edmund
  8419 | D:4      | Reached XP level 9. HP: 46/72 MP: 9/13
  9322 | D:5      | Found a glowing silver altar of Zin.
  9322 | D:5      | Noticed an angel
  9374 | D:6      | Identified the +10 flail of Poralih {spect, rElec rPois
                  | Int+3 Dex+4}
  9802 | D:6      | Reached skill level 1 in Shields
  9980 | D:6      | Reached skill level 1 in Maces & Flails
 10361 | D:7      | Found a sand-covered staircase.
 10366 | Ossuary  | Entered an ossuary
 10925 | Ossuary  | Gained mutation: Your mind is acute. (Int +4, Str/Dex -1)
                  | [potion of mutation]
 10925 | Ossuary  | Gained mutation: You have hidden genetic potential. [potion
                  | of mutation]
 11057 | D:7      | Found a staircase to the Ecumenical Temple.
 11064 | Temple   | Entered the Ecumenical Temple
 11091 | Temple   | Became a worshipper of Kikubaaqudgha
 11115 | D:7      | Found a shadowy altar of Dithmenos.
 11226 | D:7      | Reached XP level 10. HP: 82/82 MP: 14/14
 11257 | D:7      | Reached skill level 1 in Evocations
 11446 | D:7      | Found Yvoruc's Neck Hole.
 11680 | D:7      | Found a broken altar of Ashenzari.
 11715 | D:7      | Noticed Pikel
 11730 | D:7      | Killed Pikel
 11877 | D:7      | Found Jafun's Antique Armour Emporium.
 11904 | D:7      | Reached * piety under Kikubaaqudgha
 11904 | D:7      | Received a gift from Kikubaaqudgha
 12437 | D:8      | Gained mutation: You have sharp fingernails. [hidden
                  | potential]
 13236 | D:9      | Found a stormy altar of Qazlal.
 13315 | D:9      | Noticed Maggie
 13325 | D:9      | Killed Maggie
 13326 | D:9      | Reached skill level 10 in Necromancy
 13422 | D:9      | Noticed Amaemon
 13422 | D:9      | Noticed an orange demon
 13448 | D:9      | Killed Amaemon
 13449 | D:9      | Reached skill level 1 in Polearms
 13470 | D:9      | Killed an orange demon
 13471 | D:9      | Reached XP level 11. HP: 15/89 MP: 15/15
 13849 | D:9      | Found a staircase to the Lair.
 13914 | D:9      | Reached skill level 5 in Shields
 14875 | D:9      | Noticed Psyche
 14884 | D:9      | Killed Psyche
 14990 | D:9      | Noticed a faun
 14994 | D:9      | Noticed an anaconda
 14994 | D:9      | a faun changed into an anaconda
 15006 | D:9      | Gained mutation: You are agile. (Dex +4, Str/Int -1)
                  | [hidden potential]
 15006 | D:9      | Lost mutation: You have hidden genetic potential. [hidden
                  | potential expressed]
 15007 | D:9      | Found a transporter.
 15007 | D:9      | Found a transporter.
 15007 | D:9      | Noticed frustraionsimulator's ghost (novice TrFi)
 15159 | D:9      | Reached ** piety under Kikubaaqudgha
 15452 | D:9      | Found a staircase to the Orcish Mines.
 15548 | D:9      | Noticed a two-headed ogre
 15560 | D:9      | Killed a two-headed ogre
 15561 | D:9      | Reached skill level 10 in Fighting
 15561 | D:9      | Reached skill level 5 in Evocations
 15773 | D:9      | Noticed a two-headed ogre
 15806 | D:9      | Killed a two-headed ogre
 16094 | D:10     | Entered Level 10 of the Dungeon
 16150 | D:10     | Found a flagged portal.
 16168 | D:10     | Learned a level 2 spell: Sublimation of Blood
 16169 | Bailey   | Entered a bailey
 16540 | Bailey   | Reached *** piety under Kikubaaqudgha
 16540 | Bailey   | Received a gift from Kikubaaqudgha
 16552 | Bailey   | Learned a level 5 spell: Borgnjor's Vile Clutch
 16744 | Bailey   | Noticed an orc warlord
 16755 | Bailey   | Killed an orc warlord
 16756 | Bailey   | Reached skill level 1 in Earth Magic
 16779 | Bailey   | Found the +5 scythe "Finisher" {speed, eviscerate}
 16812 | Bailey   | Acquired the amulet of Anudd {Will+ Regen+}
 17129 | D:10     | Found a radiant altar of Vehumet.
 17333 | D:10     | Found a hazy altar of Hepliaklqana.
 17355 | D:10     | Reached skill level 5 in Polearms
 17355 | D:10     | Reached XP level 12. HP: 87/99 MP: 16/16
 17493 | D:10     | Found a bloodstained altar of Trog.
 18069 | D:11     | Identified the ring of Miracles {rElec rF+ Will+ Str+5}
 18081 | D:11     | Noticed a skeletal warrior
 18081 | D:11     | Noticed a skeletal warrior
 18081 | D:11     | Noticed a skeletal warrior
 18081 | D:11     | Noticed a skeletal warrior
 18081 | D:11     | Noticed a skeletal warrior
 18242 | Lair:1   | Entered Level 1 of the Lair of Beasts
 18291 | Lair:1   | Noticed Sonja
 18315 | Lair:1   | Killed Sonja
 18375 | Lair:1   | Found a frozen archway.
 18394 | IceCv    | Entered an ice cave
 18399 | IceCv    | Reached **** piety under Kikubaaqudgha
 18415 | IceCv    | Learned a level 4 spell: Dispel Undead
 18817 | IceCv    | Reached XP level 13. HP: 106/106 MP: 3/20
 18970 | IceCv    | Got the Lectures on Reformation and Poison
 19082 | Lair:1   | Found a runed translucent door.
 19084 | Lair:1   | Noticed Jethan's ghost (journeyman DjHW)
 19092 | Lair:1   | Killed Jethan's ghost
 19208 | Lair:1   | Noticed a four-headed hydra
 19231 | Lair:1   | Reached skill level 5 in Earth Magic
 19233 | Lair:1   | Killed a four-headed hydra
 19234 | Lair:1   | Reached skill level 5 in Spellcasting
 19746 | Lair:2   | Found a runed translucent gate.
 19746 | Lair:2   | Found a runed translucent gate.
 19746 | Lair:2   | Found a runed translucent gate.
 19751 | Lair:2   | Noticed Guvu Tong's ghost (journeyman MiBe)
 19751 | Lair:2   | Noticed Kaluijim's ghost (journeyman SpEn)
 19751 | Lair:2   | Noticed Tuin's ghost (journeyman MiBe)
 19766 | Lair:2   | Killed Kaluijim's ghost
 19775 | Lair:2   | Killed Guvu Tong's ghost
 19794 | Lair:2   | Killed Tuin's ghost
 20830 | Lair:2   | Found a staircase to the Shoals.
 21348 | Lair:3   | Reached ***** piety under Kikubaaqudgha
 22028 | Lair:3   | Noticed a seven-headed hydra
 22037 | Lair:3   | Killed a seven-headed hydra
 22136 | Lair:3   | Noticed an eight-headed hydra
 22156 | Lair:3   | Killed an eight-headed hydra
 22157 | Lair:3   | Reached XP level 14. HP: 102/116 MP: 17/21
 22482 | Lair:3   | Found a hole to the Spider Nest.
 22772 | Lair:4   | Found a gate leading to a gauntlet.
 22772 | Lair:4   | Found a runed translucent gate.
 22772 | Lair:4   | Found a runed translucent gate.
 22772 | Lair:4   | Found a runed translucent gate.
 22773 | Lair:4   | Noticed an acid blob
 22773 | Lair:4   | Noticed an azure jelly
 22783 | Lair:4   | Noticed an acid blob
 22783 | Lair:4   | Noticed an acid blob
 22893 | Gauntlet | Entered a Gauntlet
 22893 | Gauntlet | Found a transporter.
 22893 | Gauntlet | Found a transporter.
 22898 | Gauntlet | Found a transporter.
 22913 | Gauntlet | Found a transporter.
 22927 | Gauntlet | Noticed a quicksilver ooze
 22929 | Gauntlet | Found a transporter.
 22941 | Gauntlet | Found a transporter.
 22945 | Gauntlet | Noticed a cacodemon
 22957 | Gauntlet | Found a transporter.
 23023 | Gauntlet | Found a transporter.
 23038 | Gauntlet | Found a transporter.
 23052 | Gauntlet | Found a transporter.
 23065 | Gauntlet | Found a transporter.
 23081 | Gauntlet | Found a transporter.
 23092 | Gauntlet | Noticed a dire elephant
 23148 | Gauntlet | Found a transporter.
 23151 | Gauntlet | Found a transporter.
 23151 | Gauntlet | Noticed a quicksilver ooze
 23158 | Gauntlet | Found a transporter.
 23185 | Gauntlet | Found a transporter.
 23197 | Gauntlet | Found the +2 cloak of the Thief {*Fog Slay-2 SInv Stlth+}
 23365 | Gauntlet | Killed a dire elephant
 23487 | Gauntlet | Identified the amulet "Muun" {Regen+ Int+4 Dex+3}
 23774 | Gauntlet | Identified the +5 kite shield of Valiance {+Blink Dex+2}
 23774 | Gauntlet | Identified the ring of Zin's Hatred {+Blink rF+ MP+9 Str-4
                  | Dex+6}
 23774 | Gauntlet | Noticed a minotaur
 23785 | Gauntlet | Killed a minotaur
 23842 | Lair:4   | Noticed a quicksilver ooze
 23843 | Lair:4   | Noticed Ilybyalurph's ghost (journeyman OpCj)
 23844 | Lair:4   | Noticed an acid blob
 23846 | Lair:4   | Noticed an azure jelly
 23848 | Lair:4   | Found a viscous altar of Jiyva.
 25044 | Lair:5   | Found a viscous altar of Jiyva.
 25045 | Lair:5   | Found a staircase to the Slime Pits.
 25085 | Lair:5   | Identified the +8 chain mail of Leapfrog {SInv}
 26377 | Lair:6   | Entered Level 6 of the Lair of Beasts
 26542 | Lair:6   | Reached XP level 15. HP: 91/124 MP: 18/22
 26910 | Lair:6   | Reached skill level 10 in Polearms
 26960 | Lair:6   | Reached ****** piety under Kikubaaqudgha
 26989 | Lair:6   | Received a gift from Kikubaaqudgha
 27449 | Lair:6   | Paralysed by a hornet for 3 turns
 27679 | Lair:6   | Found the amulet of Vitality {RegenMP++ Regen++}
 27701 | Lair:6   | Got Cigotuvi's Commentary on Unstable Wicked Liturgies
 27756 | Lair:6   | Identified the +6 chain mail of the True Pharaoh {*Corrode
                  | Str+4 Dex+4 SInv}
 28278 | Orc:1    | Entered Level 1 of the Orcish Mines
 28522 | Orc:2    | Entered Level 2 of the Orcish Mines
 28714 | Orc:2    | Found a staircase to the Elven Halls.
 28864 | Orc:1    | Gained mutation: You have large cloven feet. [a neqoxec]
 29319 | Orc:2    | Found Efyid Soi's General Store.
 29375 | Orc:2    | Bought a potion of curing for 42 gold pieces
 29379 | Orc:2    | Found Syid's Antique Armour Boutique.
 29550 | Orc:2    | Found Semmiem's Jewellery Emporium.
 29550 | Orc:2    | Found Neluseuq's Magic Scroll Boutique.
 29577 | Orc:2    | Bought a scroll of teleportation for 36 gold pieces
 29663 | Orc:2    | Found Rirch's Armour Boutique.
 29914 | Orc:2    | Bought a pair of runed gloves for 262 gold pieces
 29946 | Orc:2    | Bought the ring of the Open Hand {rC++ Will+ Int+4 Dex+2
                  | Stlth-} for 789 gold pieces
 29955 | Orc:2    | Bought a scroll of blinking for 90 gold pieces
 30142 | D:9      | Killed frustraionsimulator's ghost
 30177 | D:9      | Identified the ring "Nuifageech" {Contam Will+ Str+6}
 30433 | D:11     | Reached XP level 16. HP: 121/133 MP: 0/23
 31266 | D:12     | Noticed Frances
 31282 | D:12     | Killed Frances
 31311 | D:12     | Noticed Gastronok
 31319 | D:12     | Killed Gastronok
 31405 | D:12     | Learned a level 6 spell: Death Channel
 31447 | D:13     | Found Afellerch's Book Boutique.
 31459 | D:13     | Found Vouraf's Distillery.
 31467 | D:13     | Found Yceakiak's General Store.
 31471 | D:13     | Found a flickering gateway to a bazaar.
 31480 | Bazaar   | Entered a bazaar
 31480 | Bazaar   | Found Ponyappu's Antique Weapon Emporium.
 31483 | Bazaar   | Found Hobbuth's Jewellery Shoppe.
 31511 | Bazaar   | Found Duehaoz's Jewellery Emporium.
 31518 | Bazaar   | Found Vina's Jewellery Emporium.
 31526 | Bazaar   | Found Azicept's Assorted Antiques.
 31534 | Bazaar   | Bought a scroll of poison for 84 gold pieces
 31534 | Bazaar   | Bought a scroll of enchant armour for 180 gold pieces
 31534 | Bazaar   | Bought a potion of curing for 72 gold pieces
 31534 | Bazaar   | Bought a fuming orange potion for 21 gold pieces
 31679 | D:13     | Found a broken altar of Ashenzari.
 31811 | D:13     | Noticed Maurice
 31819 | D:13     | Killed Maurice
 31856 | D:13     | Found a gate to the Vaults.
 31911 | D:13     | Found Qicaegio's Weapon Emporium.
 32135 | D:14     | Reached skill level 10 in Earth Magic
 32308 | D:14     | Noticed an iron dragon
 32359 | D:14     | Killed an iron dragon
 32537 | D:14     | Identified the +1 chain mail of Hopscotch {MP+9}
 32777 | D:14     | Found a blossoming altar of Fedhas.
 32860 | D:15     | Entered Level 15 of the Dungeon
 32860 | D:15     | Noticed Azrael
 32931 | D:15     | Noticed Pigot's ghost (journeyman MiBe)
 32932 | D:15     | Noticed a storm dragon
 32941 | D:15     | Found a transporter.
 32961 | D:15     | Found a transporter.
 33006 | D:15     | Found a staircase to the Depths.
 33054 | D:15     | Reached skill level 15 in Necromancy
 33212 | D:15     | Found Pyneop's Distillery.
 33221 | D:15     | Bought a potion of heal wounds for 70 gold pieces
 33273 | D:15     | Noticed Kirke
 33291 | D:15     | Killed Kirke
 33412 | D:15     | Reached XP level 17. HP: 140/140 MP: 26/26
 33501 | D:15     | Killed Azrael
 34212 | Depths:1 | Entered Level 1 of the Depths
 34615 | Depths:1 | Reached skill level 15 in Fighting
 34925 | Depths:1 | You fall into a shaft and drop 1 floor!
 34970 | Depths:2 | Noticed a titan
 34985 | Depths:2 | Demolished by a titan

Illustrated notes

Levels and vault maps discovered:
D:1:      dpeg_arrival_refuge, layout_basic
D:2:      layout_basic, shapermc_ecumenical_altar_notcrosses, uniq_sigmund
D:3:      layout_loops_corners, nicolae_yredelemnul_corpse_copse,
          nzn_wu_jian_council_hall, chequers_serial_rivers_marsh, uniq_terence,
          uniq_robin
D:4:      layout_basic, nicolae_elyvilon_peaceful_grove, uniq_menkaure,
          uniq_natasha
D:5:      layout_rooms, zin_angel, grunt_decor_one_mirror, uniq_edmund,
          uniq_ijyb
D:6:      layout_rooms, grunt_ministairs_10
D:7:      layout_cave_pools, mainiacjoe_overflow_boulevard,
          lemuel_crystal_altar, minmay_temple_entry_slanted,
          nicolae_ossuary_entry_giza, serial_shops, shop, minmay_misc_feat_iff,
          nicolae_shop_sticking_my_neck_out, uniq_pikel
D:8:      layout_basic
D:9:      layout_stronghold, nicolae_qazlal_style_of_elements, erik_lair_island,
          david_orc_4, gammafunk_ghost_hive, lightli_corner_chamber,
          uniq_maggie, uniq_amaemon, uniq_psyche
D:10:     layout_roguey, lemuel_doored_altar, trog_hazing_becter,
          vehumet_crystals, enter_bailey_3, roderic_lattice_a
D:11:     layout_roguey [special_room_orc]
D:12:     layout_basic, uniq_frances, uniq_gastronok
D:13:     layout_basic, david_vaults_2, serial_shops, bzr_entry_dummy, shop,
          shop, shop, nicolae_shop_waterfront, cheibrodos_ashenzari_chains,
          uniq_maurice
D:14:     minmay_connected_boxes_in_corner, layout_rooms, chequers_mini_garden,
          fedhas_altar_2
D:15:     grunt_enter_depths_giant_problem, layout_loops_ring,
          gammafunk_ghost_berserking_beasts, patterned_corridor, serial_shops,
          shop, st_stairs_9, uniq_azrael, uniq_kirke
Temple:   chequers_temple_sunken
Lair:1:   layout_cave_shapes, gammafunk_ghost_grave,
          portal_ice_cave_entry_pillars_2, beast_lair_carwin_10, uniq_sonja
Lair:2:   layout_cave_pods, elwin_shoals_entry_rooms, gammafunk_ghost_cemetery,
          lemuel_fruit_fields
Lair:3:   layout_regular_city, spider_nest_entry_funnel_web,
          grunt_forest_stairs_basic, small_statue_intersection
Lair:4:   layout_roguey, gammafunk_ghost_ooze, gauntlet_entry_generic,
          beast_lair_carwin_9
Lair:5:   layout_small_grid, minmay_slime_entry_pillars, beast_lair_carwin_7,
          lemuel_fruit_fields
Lair:6:   gammafunk_lair_ancient_temple, layout_cave_shapes, minivault_24
Orc:1:    layout_diamond_mine, basic_altar
Orc:2:    st_orc_town, layout_diamond_mine, serial_shops,
          nicolae_shop_statue_plus
Depths:1: layout_cave_pools, hangedman_decor_push, abyss_entry_crystal,
          grunt_mini_vestibule, lemuel_nasty_fountain
Depths:2: minmay_concentric_multi, layout_cave_pools, rand_demon_pan_entry_5,
          grunt_hell_entry_dis_old, kennysheep_small_spiral

Skill      XL: |  1  2  3  4  5  6  7  8  9 10 11 12 13 14 15 16 17 |
---------------+----------------------------------------------------+-----
Fighting       | 1 2 4 5 7 8 9 10 11 12 13 14 15 | 15.3
Necromancy     | 5 6 7 8 9 10 11 12 13 14 15 | 15.8
Spellcasting   | 3 4 5 6 8 |  8.0
Shields        | 2 4 5 6 7 9 |  9.0
Maces & Flails | 2 4 |  4.0
Evocations     | 3 5 6 7 8 |  8.0
Polearms       | 1 5 6 8 9 10 11 12 | 12.0
Earth Magic    | 1 4 7 8 9 10 11 | 11.6
Dodging        | |  2.0
Stealth        | |  2.0

Action                   |  1- 3 |  4- 6 |  7- 9 | 10-12 | 13-15 | 16-18 || total
-------------------------+-------+-------+-------+-------+-------+-------++-------
Melee: Dagger            |    37 |    24 |   197 |       |       |       ||   258
       Punch             |     1 |       |     2 |       |       |       ||     3
       Short sword       |       |    68 |       |       |       |       ||    68
       Flail             |       |       |   121 |    89 |       |       ||   210
       Lance             |       |       |       |   462 |  1066 |   524 ||  2052
       Staff             |       |       |       |       |    41 |    73 ||   114
 Cast: Necrotise         |    66 |    27 |     3 |    19 |       |       ||   115
       Vampiric Draining |       |     7 |    35 |    97 |   107 |    24 ||   270
       Animate Dead      |       |       |       |     4 |     1 |     1 ||     6
       Borgnjor's Vile C |       |       |       |    10 |    99 |    84 ||   193
       Dispel Undead     |       |       |       |     9 |    24 |    26 ||    59
Invok: Unearth Wretches  |       |       |       |     1 |       |       ||     1
       Receive Forbidden |       |       |       |       |     1 |       ||     1
Evoke: Wand              |       |     2 |       |     9 |     6 |       ||    17
       Tin of tremorston |       |       |       |       |     3 |       ||     3
  Use: Scroll            |       |       |    20 |     9 |     3 |     5 ||    37
       Potion            |       |       |     1 |     2 |     3 |       ||     6
 Stab: Sleeping          |       |     2 |    13 |     6 |    10 |     5 ||    36
       Invisible         |       |       |       |     2 |       |       ||     2
       Distracted        |       |       |       |     1 |     3 |     1 ||     5
Armor: Robe              |    22 |    18 |    80 |    89 |    68 |       ||   277
       Steam dragon scal |       |       |       |    39 |   201 |   170 ||   410
Dodge: Dodged            |    56 |    50 |   214 |   318 |   363 |   154 ||  1155
Block: Buckler           |       |       |    19 |   137 |    53 |       ||   209
       Kite shield       |       |       |       |       |   692 |   453 ||  1145

Table legend: (Time is in decaauts)
 A = Elapsed time spent in this place.
 B = Non-inter-level travel time spent in this place.
 C = Inter-level travel time spent in this place.
 D = Time resting spent in this place.
 E = Time spent auto-exploring this place.
 F = Levels seen in this place.
 G = Mean time per level.
                   A        B        C        D        E       F      G
               +--------+--------+--------+--------+--------+-----+--------+
         Total |  34671 |  33312 |   1359 |   4365 |  21153 |  31 | 1118.4 |
       Dungeon |  21269 |  20541 |    728 |   3113 |  13282 |  15 | 1417.9 |
        Temple |     36 |     36 |      0 |      0 |     21 |   1 |   36.0 |
          Lair |   8320 |   7861 |    459 |    629 |   5566 |   6 | 1386.7 |
  Orcish Mines |   1634 |   1463 |    171 |      0 |    847 |   2 |  817.0 |
        Depths |    511 |    511 |      0 |      5 |    243 |   2 |  255.5 |
        Bazaar |     89 |     89 |      0 |      0 |     42 |   1 |   89.0 |
       Ossuary |    578 |    578 |      0 |      0 |    415 |   1 |  578.0 |
        Bailey |    679 |    679 |      0 |    119 |    248 |   1 |  679.0 |
      Ice Cave |    608 |    608 |      0 |    205 |    182 |   1 |  608.0 |
      Gauntlet |    944 |    944 |      0 |    294 |    305 |   1 |  944.0 |
               +--------+--------+--------+--------+--------+-----+--------+

Top non-repeatable levels by time:
     D:9: 3180 daAuts
     D:4: 2849 daAuts
     D:3: 2591 daAuts
  Lair:5: 1902 daAuts
  Lair:2: 1791 daAuts
     D:2: 1532 daAuts
     D:5: 1516 daAuts
    D:15: 1431 daAuts
  Lair:3: 1315 daAuts
     D:7: 1285 daAuts
  Lair:4: 1248 daAuts
  Lair:6: 1247 daAuts
   Orc:2: 1213 daAuts
     D:1: 1137 daAuts
    D:11: 1135 daAuts
